 Dungeon Crawl Stone Soup version 0.23.2-11-gf996548c65 (webtiles) character file.

Game seed: 6189170273239869161

289 diana the Skirmisher (level 6, -7/39 HPs)
             Began as a Gargoyle Fighter on June 5, 2019.
             Was an Initiate of Okawaru.
             Mangled by an ogre
             ... wielding a +0 giant spiked club
              (12 damage)
             ... on level 4 of the Dungeon.
             The game lasted 00:06:19 (2771 turns).

diana the Skirmisher (Gargoyle Fighter)             Turns: 2771, Time: 00:06:19

Health: -7/39      AC: 12    Str: 21    XL:     6   Next: 31%
Magic:  6/6        EV:  7    Int:  9    God:    Okawaru [......]
Gold:   141        SH:  9    Dex:  9    Spells: 5/5 levels left

rFire    + . .     SeeInvis .   a - +0 flail
rCold    . . .     Gourm    .   c - +0 shield
rNeg     + . .     Faith    .   b - +0 scale mail
rPois    ∞         Spirit   .   (no helmet)
rElec    +         Reflect  .   (no cloak)
rCorr    .         Harm     .   v - +0 pair of gloves
MR       .....                  (no boots)
Stlth    ..........             (no amulet)
HPRegen  0.13/turn              (no ring)
MPRegen  0.10/turn              u - ring of protection from fire

@: no status effects
A: negative energy resistance 1, electricity resistance, unbreathing,
petrification resistance, rot immunity, AC +4
a: Renounce Religion


You were on level 4 of the Dungeon.
You worshipped Okawaru.
Okawaru was noncommittal.
You were hungry.

You visited 1 branch of the dungeon, and saw 4 of its levels.

You collected 141 gold pieces.

Inventory:

Hand Weapons
 a - a +0 flail (weapon)
Armour
 b - a +0 scale mail (worn)
 c - a +0 shield (worn)
 v - a +0 pair of gloves (worn)
 x - a +0 large shield
Jewellery
 s - an uncursed ring of positive energy
 u - a ring of protection from fire (right hand)
Scrolls
 e - 4 scrolls of identify
 i - a scroll of enchant weapon {unknown}
 j - 3 scrolls of amnesia
 l - 3 scrolls of random uselessness
 m - a scroll of teleportation {unknown}
 o - a scroll of enchant armour {unknown}
 t - a scroll of remove curse
Potions
 d - 3 potions of might
 g - 2 potions of lignification {unknown}
 h - 4 potions of curing {unknown}
 n - a potion of resistance {unknown}
 p - a potion of flight {unknown}
 q - a potion of agility {unknown}
 r - 2 potions of heal wounds {unknown}
 w - a potion of invisibility {unknown}
Comestibles
 f - 5 rations


   Skills:
 + Level 4.5 Fighting
 * Level 4.2 Maces & Flails
 + Level 4.4 Armour
 + Level 4.4 Shields


You had 5 spell levels left.
You didn't know any spells.
Your spell library was empty.

Dungeon Overview and Level Annotations

Branches:
Dungeon (4/15)
 Temple: D:4-7

Altars:
Okawaru


Innate Abilities, Weirdness & Mutations

You are resistant to torment.
Your stone body is resilient. (AC +4)
You are immune to poison.
You resist negative energy. (rN+)
You are resistant to electric shocks. (rElec)
You can survive without breathing.
You are immune to petrification.
You are immune to rotting.


Message History

* * * LOW HITPOINT WARNING * * *
The jackal barks!
You hit the ogre.
The ogre is severely wounded.
You block the ogre's attack.
You hit the ogre.
The ogre is almost dead.
The ogre barely misses you.
You hit the ogre but do no damage.
The ogre is almost dead.
The ogre hits you with a +0 giant spiked club!
* * * LOW HITPOINT WARNING * * *
Unknown command.
Your shield and scale mail prevent you from hitting the ogre.
The ogre is almost dead.
You block the ogre's attack.
You barely miss the ogre.
The ogre is almost dead.
The ogre hits you with a +0 giant spiked club!
You die...

##.#####.#...#..........#
#......#.#...#..........#
#...........>'..........'
..####.###.#..........#
...#...#†#..........#
#.#.#.#.#..........#
#...#.#.#..........#
#.#.# #.#.##########
#.#@# #.#.# #.#O# #.#.#
###l# #+#


hF. #.# #.. ... ... You could see an ogre, a bullfrog, a jackal and a frilled
lizard.

Vanquished Creatures
  A crimson imp (D:2)
  An orc priest (D:3)
  An orc wizard (D:3)
  2 worker ants (D:4)
  A hound skeleton (D:4)
  A gnoll (D:1)
  4 adders
  An ooze (D:3)
  2 worms (D:2)
  4 dart slugs
  6 leopard geckos
  4 orcs
  6 giant cockroaches
  5 goblins
  5 hobgoblins
  5 jackals (D:2)
  A quokka (D:3)
  3 ball pythons
  6 bats
  5 frilled lizards
  7 kobolds
  A quokka skeleton (D:4)
  6 rats
78 creatures vanquished.

Notes
Turn   | Place    | Note
-------+----------+-------------------------------------------
     0 | D:1      | diana the Gargoyle Fighter began the quest for the Orb.
     0 | D:1      | Reached XP level 1. HP: 14/14 MP: 1/1
    14 | D:1      | Reached XP level 2. HP: 14/19 MP: 2/2
    70 | D:1      | You fall through a shaft!
   122 | D:2      | Found an iron altar of Okawaru.
   138 | D:2      | Reached XP level 3. HP: 16/23 MP: 3/3
   150 | D:2      | Became a worshipper of Warmaster Okawaru
   689 | D:1      | Reached XP level 4. HP: 29/29 MP: 4/4
  1376 | D:2      | Reached XP level 5. HP: 28/33 MP: 5/5
  2168 | D:3      | Reached XP level 6. HP: 34/39 MP: 6/6
  2771 | D:4      | Mangled by an ogre

Skill      XL: |  1  2  3  4  5 |
---------------+----------------+-----
Maces & Flails | 3 4 |  4.2
Fighting       | 4 |  4.5
Armour         | 4 |  4.4
Shields        | 4 |  4.4

Action                   |  1- 3 |  4- 6 || total
-------------------------+-------+-------++-------
Melee: Flail             |    81 |   279 ||   360
  Use: Scroll            |       |     4 ||     4
  Eat: Chunk             |       |     6 ||     6
Armor: Scale mail        |    48 |   181 ||   229
Dodge: Dodged            |    31 |   102 ||   133
Block: Shield            |    59 |   173 ||   232
